[Event "Titled Tuesday Blitz March 28 Late 2023"]
[White "Sjugirov, Sanan"]
[Black "koncheto"]
[WhiteFideId "4189302"]
[WhiteElo "2569"]
[BlackElo "2480"]
[Result "1/2-1/2"]
[Round "01"]
[TimeControl "180+2"]
[Date "2023.03.28"]
[WhiteClock "0:00:10"]
[BlackClock "0:00:07"]

1. e4 c5 2. Nf3 d6 3. Bb5+ Nc6 4. O-O Bd7 5. Re1 a6 6. Bxc6 Bxc6 7. d4 cxd4 8. Nxd4 Bd7 9. c4 g6 10. Nc3 Bg7 11. Be3 Nf6 12. f3 Rc8 13. Qd3 Qc7 14. Rac1 Qxc4 15. Qd2 Qc7 16. Nd5 Qd8 17. Nf5 Bxf5 18. Bb6 Rxc1 19. Nxf6+ Bxf6 20. Bxd8 Rxe1+ 21. Qxe1 Kxd8 22. exf5 gxf5 23. Qa5+ Kc8 24. Qxf5+ Kb8 25. Qh5 Bxb2 26. Qxf7 Bf6 27. g4 h6 28. Kg2 Rc8 29. Qg6 Bg5 30. Kg3 Rc3 31. h4 Bf6 32. Qxh6 Be5+ 33. Kg2 Rc2+ 34. Kf1 Rxa2 35. Qf8+ Ka7 36. g5 Rh2 37. g6 Rxh4 38. g7 Bxg7 39. Qxg7 e5 40. Qc7 Rd4 41. Ke2 Rd5 42. Ke3 Rd4 43. Kf2 Rd2+ 44. Kg3 Rd4 45. Kh3 Rd2 46. Kg4 Rd4+ 47. Kf5 Rf4+ 48. Ke6 Rxf3 49. Kxd6 Rf6+ 50. Kxe5 Rc6 51. Qg7 Rc8 52. Kd6 Rc6+ 53. Kd7 Rc4 54. Qg1+ Ka8 55. Qf1 Rc6 56. Qf2 Rc4 57. Qe3 Rc6 58. Qd4 Rc1 59. Qh8+ Ka7 60. Qd4+ Ka8 61. Qe5 Rc6 62. Kd8 Ka7 63. Qe3+ Ka8 64. Kd7 a5 65. Qe5 Ra6 66. Qe8+ Ka7 67. Qe3+ Ka8 68. Qc3 a4 69. Qh8+ Ka7 70. Qd4+ Ka8 71. Kc7 Rc6+ 72. Kd7 Ra6 73. Qh8+ Ka7 74. Qc3 a3 75. Qc5+ Ka8 76. Qf8+ Ka7 77. Qf2+ Ka8 78. Qa2 Ka7 79. Kc7 Rc6+ 80. Kd8 Ra6 81. Ke7 Ka8 82. Kd7 Ka7 83. Qf2+ Ka8 84. Qf8+ Ka7 85. Qc5+ Ka8 86. Qf8+ 1/2-1/2


[Site "https://www.chess.com"]

[Event "Titled Tuesday Blitz March 28 Late 2023"]
[White "Sohal, Tanraj"]
[Black "Paravyan, David"]
[WhiteFideId "2608499"]
[BlackFideId "4194985"]
[WhiteElo "2213"]
[BlackElo "2577"]
[Result "0-1"]
[Round "01"]
[TimeControl "180+2"]
[Date "2023.03.28"]
[WhiteClock "0:00:05"]
[BlackClock "0:00:30"]

1. d4 Nf6 2. Nf3 g6 3. g3 Bg7 4. Bg2 d5 5. O-O O-O 6. c4 c6 7. Nbd2 a5 8. b3 Bf5 9. Bb2 a4 10. Ne5 a3 11. Bc3 Nbd7 12. Nxd7 Qxd7 13. e3 h5 14. Qe2 h4 15. f4 h3 16. Bf3 Bg4 17. c5 Qf5 18. Rac1 Rfd8 19. Rfe1 e6 20. b4 Bf8 21. Bxg4 Qxg4 22. Qxg4 Nxg4 23. Rb1 b6 24. Nf3 Be7 25. Ne5 Nxe5 26. fxe5 Rdb8 27. Rb3 bxc5 28. dxc5 Rb5 29. Kf2 Ra4 30. Kf3 Kg7 31. Reb1 f5 32. Bd4 Kf7 33. g4 Bh4 34. Bc3 g5 35. Rg1 Kg6 36. Rbb1 fxg4+ 37. Rxg4 Kf5 38. Rd4 Rb8 39. e4+ dxe4+ 40. Rxe4 Rd8 41. Re3 g4+ 42. Ke2 Bg5 43. Rf1+ Bf4 44. Bd2 Rxd2+ 45. Kxd2 Kg5 46. Rb1 Ra8 47. Ke2 Bxe3 48. Kxe3 Kf5 49. b5 cxb5 50. Rxb5 Kxe5 51. c6+ Kd6 52. Rg5 Ra4 53. Rg6 Rb4 54. c7 Kxc7 55. Rxe6 Rb2 56. Re4 Rxh2 57. Rxg4 Rxa2 58. Rh4 h2 59. Kd3 Rg2 60. Rxh2 Rxh2 0-1


[Site "https://www.chess.com"]

[Event "Titled Tuesday Blitz March 28 Late 2023"]
[White "Miszler, Levente"]
[Black "Dardha, Daniel"]
[WhiteFideId "763276"]
[BlackFideId "240990"]
[WhiteElo "2176"]
[BlackElo "2581"]
[Result "1-0"]
[Round "01"]
[TimeControl "180+2"]
[Date "2023.03.28"]
[WhiteClock "0:01:06"]
[BlackClock "0:01:01"]

1. Nf3 g5 2. Nxg5 e5 3. Nf3 e4 4. Nd4 Nc6 5. e3 Bg7 6. Nxc6 dxc6 7. Nc3 Nf6 8. Be2 Qd6 9. d3 exd3 10. Qxd3 Qe5 11. e4 Be6 12. Qg3 Qxg3 13. hxg3 O-O-O 14. Bg5 Rde8 15. O-O-O Nd7 16. Bd2 b5 17. a3 Nb6 18. f4 a5 19. e5 f6 20. exf6 Bxf6 21. Bf3 Bd7 22. Ne4 Bg7 23. Bxa5 Bf5 24. Bc3 Rhg8 25. Bxg7 Rxg7 26. Ng5 c5 27. g4 Bd7 28. Rxh7 Rgg8 29. Ne4 Bxg4 30. Bxg4+ Rxg4 31. Nf6 Reg8 32. Nxg4 Rxg4 33. Rf1 Nd5 34. f5 Nf6 35. Rh6 Nd7 36. f6 Rh4 37. Rxh4 1-0


[Site "https://www.chess.com"]

[Event "Titled Tuesday Blitz March 28 Late 2023"]
[White "Talibov, Shiroghlan"]
[Black "Kubatko, Ivan"]
[WhiteFideId "13429078"]
[BlackFideId "24111473"]
[WhiteElo "2218"]
[BlackElo "2285"]
[Result "1-0"]
[Round "01"]
[TimeControl "180+2"]
[Date "2023.03.28"]
[WhiteClock "0:00:46"]
[BlackClock "0:00:01"]

1. d4 d5 2. Nf3 c5 3. g3 Nc6 4. Bg2 Nf6 5. O-O e6 6. c4 Be7 7. cxd5 exd5 8. Nc3 O-O 9. a3 Ne4 10. dxc5 Nxc3 11. bxc3 Bxc5 12. Nd4 Re8 13. Be3 Ne5 14. Ne6 fxe6 15. Bxc5 Qa5 16. Bd4 Nc6 17. Qb3 Nxd4 18. cxd4 b6 19. Rfe1 Bb7 20. h4 Rac8 21. Rec1 Rxc1+ 22. Rxc1 Rc8 23. Rxc8+ Bxc8 24. e3 Qe1+ 25. Kh2 Qxf2 26. Qa4 Qf7 27. Qc6 Qd7 28. Qc3 h6 29. Bh3 Kf7 30. Qc2 Bb7 31. Qh7 Qe7 32. Bg4 Qf6 33. Bh5+ Kf8 34. Qh8+ Ke7 35. Qe8+ Kd6 36. Qb8+ Kc6 37. Be8# 1-0


[Site "https://www.chess.com"]

[Event "Titled Tuesday Blitz March 28 Late 2023"]
[White "Karwowski, Kacper"]
[Black "Durarbayli, Vasif"]
[WhiteFideId "1126032"]
[BlackFideId "13402935"]
[WhiteElo "2261"]
[BlackElo "2543"]
[Result "0-1"]
[Round "01"]
[TimeControl "180+2"]
[Date "2023.03.28"]
[WhiteClock "0:00:01"]
[BlackClock "0:00:08"]

1. e4 c5 2. Nf3 d6 3. c3 Nf6 4. h3 g6 5. Bd3 Bg7 6. Bc2 O-O 7. d4 Nc6 8. O-O Nd7 9. Re1 b5 10. a4 bxa4 11. Bxa4 Qc7 12. Na3 Ba6 13. Bg5 Rfe8 14. d5 Nce5 15. Nxe5 Bxe5 16. f4 Bg7 17. Nc2 Bc8 18. Qd3 Rb8 19. Reb1 Kf8 20. Ra3 c4 21. Qf1 Qc5+ 22. Kh2 Rd8 23. Bh4 Nb6 24. Bf2 Qc7 25. Bc6 e5 26. f5 gxf5 27. exf5 Qe7 28. g4 a6 29. Bxb6 Rxb6 30. Qxc4 h5 31. Ne3 Qg5 32. Qe4 Bh6 33. c4 Qh4 34. Ng2 Qf2 35. Rf3 Qd2 36. Kh1 Rxb2 37. Rxb2 Qxb2 38. f6 Qc1+ 39. Kh2 Kg8 40. gxh5 Kh8 41. Rg3 a5 42. c5 Qxc5 43. Nh4 Qf2+ 44. Rg2 Bf4+ 45. Kh1 Qf1+ 46. Rg1 Qxh3# 0-1


[Site "https://www.chess.com"]

[Event "Titled Tuesday Blitz March 28 Late 2023"]
[White "Drygalov, Andrey"]
[Black "ArchibaldCerveza29"]
[WhiteFideId "24171735"]
[WhiteElo "2471"]
[BlackElo "2465"]
[Result "1-0"]
[Round "01"]
[TimeControl "180+2"]
[Date "2023.03.28"]
[WhiteClock "0:00:22"]
[BlackClock "0:00:12"]

1. e4 e5 2. Nf3 Nc6 3. Bc4 Nf6 4. d3 Be7 5. O-O O-O 6. Re1 d6 7. a4 Na5 8. Ba2 c5 9. Nc3 Nc6 10. Nd5 a6 11. c3 Be6 12. h3 b5 13. Bg5 Re8 14. Nxe7+ Qxe7 15. Bd5 Bd7 16. d4 h6 17. dxe5 dxe5 18. Bh4 Rad8 19. axb5 axb5 20. Ra6 Nb8 21. Ra7 Kf8 22. Bg3 Qd6 23. c4 bxc4 24. Bxc4 Qxd1 25. Rxd1 Nc6 26. Rc7 Nd4 27. Nxe5 Be6 28. Bxe6 Rxe6 29. Re1 Nc2 30. Rc1 Nd4 31. R1xc5 Nxe4 32. Ra5 Nxg3 33. fxg3 Rxe5 34. Rxe5 1-0


[Site "https://www.chess.com"]

[Event "Titled Tuesday Blitz March 28 Late 2023"]
[White "Khandelwal, Ankush"]
[Black "Deac, Bogdan-Daniel"]
[WhiteFideId "413470"]
[BlackFideId "1226380"]
[WhiteElo "2263"]
[BlackElo "2649"]
[Result "0-1"]
[Round "01"]
[TimeControl "180+2"]
[Date "2023.03.28"]
[WhiteClock "0:00:11"]
[BlackClock "0:00:05"]

1. e4 g6 2. d4 Bg7 3. Nc3 c6 4. Nf3 d6 5. Be3 b5 6. Bd3 a6 7. Qd2 Bb7 8. h4 h5 9. a4 Nd7 10. Ng5 Ngf6 11. f3 e5 12. d5 cxd5 13. Nxd5 Nxd5 14. exd5 O-O 15. O-O Nb6 16. axb5 axb5 17. Rxa8 Bxa8 18. Bxg6 fxg6 19. Ne6 Qb8 20. Bh6 Rf7 21. Bxg7 Rxg7 22. Qh6 Qa7 23. Kh2 Bxd5 24. Ra1 Na4 25. Nxg7 Qxg7 26. Qd2 Qf7 27. b3 Nc5 28. Rd1 Be6 29. Qxd6 Nd7 30. Ra1 Qf4+ 31. g3 Qf6 32. Ra7 Nf8 33. Rb7 e4 34. f4 e3 35. Qd3 Qf5 36. Qxe3 Qxc2+ 37. Kg1 Bd5 38. Qf2 Qxf2+ 39. Kxf2 Bxb7 0-1


[Site "https://www.chess.com"]

[Event "Titled Tuesday Blitz March 28 Late 2023"]
[White "Bortnyk, Mykola"]
[Black "Manukian, Artak"]
[WhiteFideId "14120836"]
[BlackFideId "13301373"]
[WhiteElo "2582"]
[BlackElo "2130"]
[Result "1-0"]
[Round "01"]
[TimeControl "180+2"]
[Date "2023.03.28"]
[WhiteClock "0:02:04"]
[BlackClock "0:02:27"]

1. e4 c6 2. d4 d5 3. Nc3 dxe4 4. Nxe4 Nf6 5. Nxf6+ exf6 6. Bc4 Bd6 7. Qe2+ Qe7 8. Qxe7+ Kxe7 9. Bd3 Be6 10. Ne2 Nd7 11. c4 Bb4+ 12. Bd2 Bxd2+ 13. Kxd2 Nb6 14. Kc3 Rhd8 15. b3 a5 16. Rhe1 Kf8 17. Nf4 Bd7 18. Re3 Re8 19. Rae1 g6 20. a4 h5 21. c5 Nd5+ 22. Nxd5 cxd5 23. Rxe8+ Rxe8 24. Rxe8+ Kxe8 25. Bb5 g5 26. b4 axb4+ 27. Kxb4 f5 28. h3 f4 29. f3 f5 30. Ka5 g4 31. Kb6 1-0


[Site "https://www.chess.com"]

[Event "Titled Tuesday Blitz March 28 Late 2023"]
[White "Mackster23"]
[Black "Tari, Aryan"]
[BlackFideId "1510045"]
[WhiteElo "2460"]
[BlackElo "2583"]
[Result "1-0"]
[Round "01"]
[TimeControl "180+2"]
[Date "2023.03.28"]
[WhiteClock "0:00:09"]
[BlackClock "0:00:05"]

1. e4 c6 2. d4 d5 3. Nd2 dxe4 4. Nxe4 Nf6 5. Nxf6+ exf6 6. c3 Bd6 7. Bd3 O-O 8. Qc2 Re8+ 9. Ne2 h5 10. O-O h4 11. Bd2 Nd7 12. Rae1 Nf8 13. Nf4 Ne6 14. Nxe6 Bxe6 15. Bh7+ Kh8 16. Bf5 Qd7 17. Bxe6 Rxe6 18. Qf5 Kg8 19. Qg4 Rae8 20. b3 Qe7 21. Rxe6 Qxe6 22. Qxh4 Qe2 23. Be3 Qxa2 24. b4 Qb2 25. Qg4 Re6 26. d5 cxd5 27. Qd4 a6 28. Qxd5 Qxc3 29. Qxb7 Qxb4 30. Qa8+ Kh7 31. Rd1 Qg4 32. Qd5 Be5 33. Qd3+ g6 34. Qd7 Kg7 35. g3 Qf3 36. Rb1 Rc6 37. Rb7 Bc7 38. Rxc7 Rxc7 39. Qxc7 Qd1+ 40. Kg2 Qd5+ 41. f3 Qa2+ 42. Kh3 Qe2 43. Bc5 Qxf3 44. Qf4 Qd5 45. Bd4 Qe6+ 46. g4 a5 47. Kg3 Qb3+ 48. Qf3 Qb8+ 49. Kh3 Qd6 50. Bc3 Qe6 51. Kg3 Qd6+ 52. Kg2 g5 53. h4 gxh4 54. g5 Qc5 55. Qxf6+ Kg8 56. Qg7# 1-0


[Site "https://www.chess.com"]

[Event "Titled Tuesday Blitz March 28 Late 2023"]
[White "Baskakov, Egor"]
[Black "Kokoszczynski, Jan"]
[WhiteFideId "24197866"]
[BlackFideId "1174460"]
[WhiteElo "2212"]
[BlackElo "2139"]
[Result "1-0"]
[Round "01"]
[TimeControl "180+2"]
[Date "2023.03.28"]
[WhiteClock "0:00:45"]
[BlackClock "0:00:06"]

1. e4 c5 2. Nf3 Nc6 3. Nc3 g6 4. d4 cxd4 5. Nxd4 Bg7 6. Nde2 Nf6 7. g3 O-O 8. Bg2 d6 9. O-O Bd7 10. h3 Rc8 11. a4 a6 12. Be3 Rb8 13. Nd5 b5 14. axb5 axb5 15. b3 e6 16. Nxf6+ Bxf6 17. Nd4 Qc7 18. Nxc6 Bxc6 19. Ra6 Rfd8 20. Rxc6 Qxc6 21. e5 d5 22. exf6 e5 23. Bg5 h6 24. Bxh6 Qxf6 25. Qd2 Qe6 26. c3 b4 27. cxb4 d4 28. Be4 Qxb3 29. Bg5 Rdc8 30. Be7 Qe6 31. Bc5 Rd8 32. Qg5 f5 33. Bc2 Kg7 34. Re1 d3 35. Bd1 e4 36. h4 Qf6 37. Qf4 Rb7 38. Bb3 d2 39. Rd1 Rbd7 40. Ba4 Rd3 41. Be3 R3d5 42. Qh6+ Kg8 43. Bb3 Qg7 44. Rxd2 1-0


[Site "https://www.chess.com"]

[Event "Titled Tuesday Blitz March 28 Late 2023"]
[White "Haszon, David"]
[Black "Terry, Renato"]
[WhiteFideId "733610"]
[BlackFideId "3803457"]
[WhiteElo "2210"]
[BlackElo "2579"]
[Result "0-1"]
[Round "01"]
[TimeControl "180+2"]
[Date "2023.03.28"]
[WhiteClock "0:02:16"]
[BlackClock "0:02:41"]

1. d4 e6 2. Bf4 Nf6 3. e3 Bd6 4. Bxd6 cxd6 5. c4 d5 6. Nc3 dxc4 7. Bxc4 b6 8. Qf3 Nc6 9. Nb5 O-O 10. Nd6 Qe7 11. Nxc8 Qb4+ 12. Kd1 Qxc4 13. Nd6 Qf1+ 0-1


[Site "https://www.chess.com"]

[Event "Titled Tuesday Blitz March 28 Late 2023"]
[White "Zierk, Steven"]
[Black "Baches Garcia, Guillermo"]
[WhiteFideId "2034255"]
[BlackFideId "2209764"]
[WhiteElo "2494"]
[BlackElo "2457"]
[Result "0-1"]
[Round "01"]
[TimeControl "180+2"]
[Date "2023.03.28"]
[WhiteClock "0:00:02"]
[BlackClock "0:00:07"]

1. e4 c5 2. Nf3 d6 3. d4 cxd4 4. Nxd4 Nf6 5. Nc3 Nc6 6. Bg5 e6 7. Qd2 h6 8. Nxc6 bxc6 9. Bf4 e5 10. Bg3 Be6 11. Be2 Be7 12. O-O O-O 13. f4 exf4 14. Bxf4 Qb6+ 15. Kh1 Qxb2 16. Bxd6 Bxd6 17. Rab1 Qa3 18. Rf3 Qc5 19. Bd3 Rad8 20. Ne2 Qg5 21. Qe1 Ng4 22. h3 Ne5 23. Rg3 Nxd3 24. Rxd3 Bc4 25. Rf3 Bxe2 26. Qxe2 Qe5 27. g3 f5 28. Qc4+ Kh8 29. exf5 Rxf5 30. Rd3 Rdf8 31. Rdb3 Rf2 32. Qd3 Qe2 33. Qxe2 Rxe2 34. Rd3 Be5 35. Kg1 Rff2 36. Re3 Rg2+ 37. Kf1 Ref2+ 38. Ke1 Rxc2 39. Kf1 Bd4 40. Rbb3 Bxe3 41. Rxe3 Rh2 42. Kg1 Rcg2+ 43. Kf1 Rxa2 44. Kg1 Kh7 45. h4 Rhg2+ 0-1


[Site "https://www.chess.com"]

[Event "Titled Tuesday Blitz March 28 Late 2023"]
[White "Fernandez, Maria Florencia"]
[Black "Mekhitarian, Krikor Sevag"]
[WhiteFideId "116459"]
[BlackFideId "2107660"]
[WhiteElo "2155"]
[BlackElo "2604"]
[Result "0-1"]
[Round "01"]
[TimeControl "180+2"]
[Date "2023.03.28"]
[WhiteClock "0:00:01"]
[BlackClock "0:00:09"]

1. d4 Nf6 2. c4 e6 3. Nc3 Bb4 4. a3 Bxc3+ 5. bxc3 b6 6. f3 Nc6 7. e4 Na5 8. Bg5 h6 9. Bh4 Ba6 10. e5 g5 11. Bf2 Ng8 12. h4 Bxc4 13. Bxc4 Nxc4 14. Qd3 d5 15. exd6 Nxd6 16. d5 e5 17. Ne2 Qe7 18. Kf1 f6 19. Ng3 O-O-O 20. a4 Kb8 21. a5 Qd7 22. axb6 cxb6 23. c4 Rc8 24. c5 bxc5 25. Kg1 Ne7 26. Kh2 Ka8 27. Rhb1 Rc7 28. Ne4 Nxe4 29. fxe4 gxh4 30. Qa6 Nc8 31. Ra5 Rg8 32. Rba1 Qg4 33. Qf1 Qxe4 34. d6 Nxd6 35. Bxc5 Nc8 36. Bf2 Qc6 0-1


[Site "https://www.chess.com"]

[Event "Titled Tuesday Blitz March 28 Late 2023"]
[White "Svane, Frederik"]
[Black "Donskov, Anatoly"]
[WhiteFideId "12923044"]
[BlackFideId "24143413"]
[WhiteElo "2502"]
[BlackElo "2247"]
[Result "1-0"]
[Round "01"]
[TimeControl "180+2"]
[Date "2023.03.28"]
[WhiteClock "0:01:10"]
[BlackClock "0:00:04"]

1. g3 d5 2. Nf3 Nf6 3. Bg2 Bf5 4. O-O e6 5. b3 h6 6. Bb2 Be7 7. d3 O-O 8. Nbd2 c6 9. Ne5 Nbd7 10. Nxd7 Qxd7 11. e4 dxe4 12. dxe4 Bg6 13. Qe2 Bc5 14. Nc4 Qe7 15. Ne5 Bh7 16. Nd3 Bb6 17. a4 Rfd8 18. a5 Bd4 19. c3 Bc5 20. Rfd1 a6 21. Nxc5 Qxc5 22. b4 Qe7 23. Ba3 Rxd1+ 24. Rxd1 Rd8 25. Rxd8+ Qxd8 26. Bc1 e5 27. f3 Qd6 28. Be3 Nd7 29. Bh3 Bg6 30. Kf2 Kh7 31. Qd2 Qxd2+ 32. Bxd2 f5 33. exf5 Bf7 34. Bf1 Bd5 35. Be3 Kg8 36. Bd3 Nf6 37. c4 Bf7 38. g4 e4 39. Bxe4 Nxe4+ 40. fxe4 Bxc4 41. Kf3 Kf7 42. h4 g6 43. Kf4 gxf5 44. exf5 Be2 45. g5 hxg5+ 46. hxg5 Bd3 47. g6+ Kg7 48. Kg5 Bc2 49. f6+ Kf8 50. Bc5+ Kg8 51. f7+ 1-0


[Site "https://www.chess.com"]

[Event "Titled Tuesday Blitz March 28 Late 2023"]
[White "Tworuszka, Michal"]
[Black "Grigoriants, Sergey"]
[WhiteFideId "1117858"]
[BlackFideId "4130804"]
[WhiteElo "2450"]
[BlackElo "2502"]
[Result "0-1"]
[Round "01"]
[TimeControl "180+2"]
[Date "2023.03.28"]
[WhiteClock "0:00:04"]
[BlackClock "0:00:29"]

1. e4 c5 2. Nf3 Nc6 3. d4 cxd4 4. Nxd4 e6 5. Nc3 a6 6. Be3 Nf6 7. Nxc6 bxc6 8. e5 Nd5 9. Nxd5 cxd5 10. Bd3 d6 11. exd6 Bxd6 12. Qh5 Qf6 13. O-O g6 14. Qh6 Bf8 15. Qf4 Qxf4 16. Bxf4 Bg7 17. Rab1 Bb7 18. Bd6 Kd7 19. Ba3 Rhc8 20. Rfc1 e5 21. c4 d4 22. f3 f5 23. b4 e4 24. fxe4 fxe4 25. Be2 h5 26. Bb2 Ke6 27. Re1 Be5 28. c5 Bd5 29. Rbd1 a5 30. Bxd4 axb4 31. Bxe5 Kxe5 32. Bf3 Rxa2 33. Rc1 b3 34. c6 b2 35. Rb1 Rxc6 0-1


[Site "https://www.chess.com"]

[Event "Titled Tuesday Blitz March 28 Late 2023"]
[White "Bachmann, Axel"]
[Black "Liu, Casper"]
[WhiteFideId "3700488"]
[BlackFideId "1454153"]
[WhiteElo "2605"]
[BlackElo "2221"]
[Result "1-0"]
[Round "01"]
[TimeControl "180+2"]
[Date "2023.03.28"]
[WhiteClock "0:00:17"]
[BlackClock "0:00:04"]

1. Nf3 Nc6 2. e4 d6 3. d4 Bg4 4. d5 Bxf3 5. Qxf3 Ne5 6. Qd1 g6 7. Nc3 Bg7 8. Be3 Nf6 9. h3 O-O 10. Be2 e6 11. dxe6 fxe6 12. O-O a6 13. f4 Nc6 14. Bf3 Kh8 15. Qd2 e5 16. f5 Ne7 17. g4 d5 18. Bc5 d4 19. Ne2 gxf5 20. exf5 Nd7 21. Bxe7 Qxe7 22. Ng3 Qh4 23. Kg2 Bh6 24. Qe1 Be3 25. Ne4 Qh6 26. Qa5 Qc6 27. c3 Rg8 28. Qa3 Rg7 29. Ng5 Qf6 30. Ne6 Rf7 31. Rae1 Rg8 32. cxd4 exd4 33. Rxe3 dxe3 34. Qxe3 Qxf5 35. Kh1 Qe5 36. Qb3 Re8 37. Ng5 Rfe7 38. Nf7+ Rxf7 39. Qxf7 Rf8 40. Qxd7 Qg3 41. Qd4+ Kg8 42. Bd5+ Rf7 43. Bxf7+ Kf8 44. Bd5+ Ke8 45. Qh8+ Kd7 46. Qxh7+ Kd6 47. Bg2 1-0


[Site "https://www.chess.com"]

[Event "Titled Tuesday Blitz March 28 Late 2023"]
[White "Minko, Dmitry"]
[Black "Ibarra Jerez, Jose Carlos"]
[WhiteFideId "24188468"]
[BlackFideId "2226332"]
[WhiteElo "2147"]
[BlackElo "2638"]
[Result "0-1"]
[Round "01"]
[TimeControl "180+2"]
[Date "2023.03.28"]
[WhiteClock "0:00:13"]
[BlackClock "0:00:56"]

1. e4 c5 2. Nf3 e6 3. d4 cxd4 4. Nxd4 Bc5 5. Nb3 Bb6 6. Nc3 Ne7 7. Bf4 d5 8. exd5 exd5 9. Bb5+ Nbc6 10. O-O O-O 11. Ne2 Nf5 12. Ng3 Nh4 13. Qh5 Ng6 14. Bg5 f6 15. Bd2 Be6 16. Rae1 Bf7 17. Kh1 Nge5 18. Qd1 a6 19. Be2 Re8 20. Bh5 g6 21. f4 Nc4 22. Bf3 Rxe1 23. Rxe1 Nxb2 24. Qa1 Nc4 25. Bc3 Kg7 26. f5 N6e5 27. fxg6 hxg6 28. Nd4 Qd7 29. Bd1 Rh8 30. h3 Rxh3+ 31. gxh3 Qxh3+ 32. Kg1 Qxg3+ 33. Kh1 Bxd4 34. Bxd4 Qxe1+ 0-1


[Site "https://www.chess.com"]

[Event "Titled Tuesday Blitz March 28 Late 2023"]
[White "Fressinet, Laurent"]
[Black "Molenda, Marcin"]
[WhiteFideId "608742"]
[BlackFideId "1173065"]
[WhiteElo "2633"]
[BlackElo "2286"]
[Result "1-0"]
[Round "01"]
[TimeControl "180+2"]
[Date "2023.03.28"]
[WhiteClock "0:00:14"]
[BlackClock "0:00:59"]

1. d4 Nf6 2. Nf3 g6 3. Bg5 Bg7 4. e3 O-O 5. Be2 h6 6. Bh4 d6 7. O-O g5 8. Bg3 Nh5 9. c4 b6 10. Nc3 Bb7 11. Nd2 Nxg3 12. hxg3 e6 13. Bf3 c6 14. Rc1 Nd7 15. Nce4 Qe7 16. Qb3 f5 17. Nc3 Kh8 18. Rfd1 e5 19. dxe5 dxe5 20. Qc2 e4 21. Be2 Rae8 22. a3 Ne5 23. b4 Bc8 24. b5 c5 25. Nd5 Qf7 26. a4 Bb7 27. Nb1 f4 28. exf4 Bxd5 29. cxd5 gxf4 30. gxf4 Qxf4 31. Rf1 Nf7 32. Bh5 Be5 33. g3 Qg5 34. Bxf7 Rxf7 35. Qxe4 Rxf2 36. Rxf2 Qxc1+ 37. Kg2 Rg8 38. Qxe5+ Rg7 39. Rf8+ Kh7 40. Qe4+ Rg6 41. Rf7+ Kh8 42. Qe8+ Rg8 43. Qe5+ 1-0


[Site "https://www.chess.com"]

[Event "Titled Tuesday Blitz March 28 Late 2023"]
[White "Fernandez Garcia, Gumersindo"]
[Black "Babazada, Khazar"]
[WhiteFideId "24516740"]
[BlackFideId "13413554"]
[WhiteElo "2093"]
[BlackElo "2364"]
[Result "0-1"]
[Round "01"]
[TimeControl "180+2"]
[Date "2023.03.28"]
[WhiteClock "0:00:03"]
[BlackClock "0:00:07"]

1. d4 Nf6 2. c4 e6 3. Nf3 d5 4. g3 dxc4 5. Bg2 Be7 6. O-O O-O 7. Nbd2 b5 8. a4 c6 9. Qc2 Nd5 10. e4 Nb4 11. Qb1 Bb7 12. Rd1 Nd7 13. Nf1 a6 14. Ne3 Qb6 15. Bd2 c5 16. d5 exd5 17. Bxb4 cxb4 18. Nxd5 Bxd5 19. exd5 Bc5 20. Qc2 Rfe8 21. axb5 axb5 22. Rxa8 Rxa8 23. Ng5 Nf6 24. Ne4 Nxe4 25. Qxe4 Rd8 26. Qe2 b3 27. Re1 g6 28. Rd1 Bd4 29. h4 Qf6 30. h5 Bxb2 31. d6 Bd4 32. d7 Kf8 33. Re1 Rxd7 34. Qe8+ Kg7 35. Rf1 Rd8 36. Qxb5 b2 37. Qxc4 Qxf2+ 38. Kh2 b1=Q 39. Rxb1 Be5 40. Qg4 Rd3 41. h6+ Kxh6 42. Rf1 Qxg3+ 43. Qxg3 Bxg3+ 44. Kh1 f5 45. Bf3 Kg5 46. Kg2 Bf4 47. Rb1 h5 48. Rb5 Rd2+ 49. Kh1 h4 50. Rb1 h3 51. Rf1 Bg3 52. Rg1 Kh4 53. Bc6 g5 54. Bb7 Rh2# 0-1


[Site "https://www.chess.com"]

[Event "Titled Tuesday Blitz March 28 Late 2023"]
[White "Rasulov, Vugar"]
[Black "Becerra, Juan David"]
[WhiteFideId "13402390"]
[BlackFideId "4404998"]
[WhiteElo "2509"]
[BlackElo "2282"]
[Result "1-0"]
[Round "01"]
[TimeControl "180+2"]
[Date "2023.03.28"]
[WhiteClock "0:01:22"]
[BlackClock "0:00:10"]

1. e4 e5 2. Nf3 Nc6 3. Bb5 f5 4. d3 fxe4 5. dxe4 d6 6. O-O Nf6 7. Nc3 Be7 8. Bg5 Be6 9. Bxf6 Bxf6 10. Nd5 O-O 11. c3 a6 12. Ba4 Kh8 13. Qd3 Qd7 14. Rad1 Qf7 15. b4 Bg4 16. Bb3 Qh5 17. Nxc7 Be7 18. Nd2 Be2 19. Qh3 Qxh3 20. gxh3 Bxd1 21. Rxd1 Rac8 22. Nd5 Bg5 23. Nf1 Ne7 24. Nxe7 Bxe7 25. Rd3 Rf6 26. Ne3 Rcf8 27. Nf5 Bd8 28. Rxd6 Rxd6 29. Nxd6 g6 30. Kg2 b5 31. Nf7+ Kg7 32. Nxe5 Bf6 33. Nd7 Rd8 34. Nc5 Bxc3 35. Ne6+ 1-0


[Site "https://www.chess.com"]

[Event "Titled Tuesday Blitz March 28 Late 2023"]
[White "Mazurkiewicz, Michal"]
[Black "Drygalov, Sergey"]
[WhiteFideId "1124943"]
[BlackFideId "24171743"]
[WhiteElo "2054"]
[BlackElo "2533"]
[Result "0-1"]
[Round "01"]
[TimeControl "180+2"]
[Date "2023.03.28"]
[WhiteClock "0:00:03"]
[BlackClock "0:00:13"]

1. e4 c5 2. Nf3 d6 3. g3 Nf6 4. d3 g6 5. Bg2 Bg7 6. O-O O-O 7. Re1 Nc6 8. e5 Nd5 9. exd6 Qxd6 10. Nfd2 b6 11. Nc4 Qd8 12. a4 h6 13. c3 e5 14. Nbd2 Be6 15. Ne4 Qd7 16. Qb3 f5 17. Ned6 Rfd8 18. f4 exf4 19. Nxb6 Qxd6 20. Rxe6 Qxe6 21. Bxd5 Rxd5 22. Qxd5 Re8 23. Qxe6+ Rxe6 24. Nd7 fxg3 25. hxg3 Re2 26. Nxc5 Ne5 27. Bf4 Nf3+ 28. Kf1 Rh2 29. Rd1 g5 30. Be3 h5 31. d4 h4 32. gxh4 gxh4 33. d5 h3 34. Bf4 Rxb2 35. d6 h2 36. Bxh2 Nxh2+ 37. Kg1 Nf3+ 38. Kf1 Bxc3 39. d7 Bf6 40. d8=Q+ Bxd8 41. Rxd8+ Kf7 42. Rd3 Ne5 43. Rd5 Rb1+ 44. Ke2 Rb2+ 45. Kd1 Nc4 46. Rxf5+ Ke7 47. Rf4 Ne3+ 48. Kc1 Rc2+ 49. Kb1 Re2 50. Re4+ Kd6 51. Nb3 Re1+ 52. Nc1 Kd5 53. Re8 Kd4 54. Rd8+ Kc3 55. Rc8+ Nc4 56. a5 a6 57. Rc6 Rh1 58. Rxa6 Nd2+ 59. Ka2 Rxc1 60. Rc6+ Nc4 61. a6 Rc2+ 62. Ka1 Rh2 63. a7 Rh8 64. Ra6 Ra8 65. Kb1 Kb4 66. Kc2 Kb5 67. Ra2 Na5 68. Kd3 Rxa7 69. Rb2+ Kc5 70. Rh2 Nb3 71. Rh5+ Kb4 72. Rh4+ Kb5 73. Rh5+ Nc5+ 74. Kd4 Rd7+ 75. Kc3 Rd3+ 76. Kc2 Rf3 77. Rh4 Ne6 78. Rg4 Kc5 79. Rh4 Nd4+ 80. Kd2 Kc4 81. Rg4 Ra3 82. Rg8 Rd3+ 83. Ke1 Rf3 84. Rc8+ Kd3 85. Ra8 Nc2+ 86. Kd1 Rf1# 0-1


[Site "https://www.chess.com"]

[Event "Titled Tuesday Blitz March 28 Late 2023"]
[White "Movahed, Sina"]
[Black "Mujumdar, Sameer"]
[WhiteFideId "42520835"]
[BlackFideId "2029707"]
[WhiteElo "2225"]
[BlackElo "2104"]
[Result "1-0"]
[Round "01"]
[TimeControl "180+2"]
[Date "2023.03.28"]
[WhiteClock "0:00:46"]
[BlackClock "0:00:13"]

1. e4 c5 2. Nf3 d6 3. d4 cxd4 4. Nxd4 Nf6 5. Nc3 a6 6. Bg5 Nbd7 7. Bc4 e6 8. Qd2 Qc7 9. Bb3 Nc5 10. Bxf6 gxf6 11. O-O b5 12. Rae1 Bb7 13. f4 Rg8 14. f5 Nxb3 15. cxb3 e5 16. Nf3 b4 17. Na4 Rg4 18. Qd3 Bc6 19. h3 Rg8 20. Kh1 Qb7 21. Qe3 Rb8 22. Rf2 d5 23. Nxe5 Bxa4 24. exd5 fxe5 25. Qxe5+ Kd8 26. bxa4 Bc5 27. Rc2 Rc8 28. Rxc5 Rxc5 29. Qd6+ Kc8 30. Qxc5+ Kb8 31. Re7 1-0


[Site "https://www.chess.com"]